 Dungeon Crawl Stone Soup version 0.31-a0-968-g24f9ace8b5 (webtiles) character file.

Game seed: 1821195664411995769

214 Dittersdorf the Shield-Bearer (level 5, 0/34 HPs)
             Began as a Gargoyle Fighter on Oct 27, 2023.
             Slain by a hobgoblin (6 damage)
             ... led by Robin
             ... on level 2 of the Dungeon.
             The game lasted 00:02:20 (1481 turns).

Dittersdorf the Shield-Bearer (Gargoyle Fighter)    Turns: 1481, Time: 00:02:21

Health: 0/34       AC: 11    Str: 22    XL:     5   Next: 91%
Magic:  5/5        EV:  9    Int:  8    God:
Gold:   53         SH:  4    Dex:  9    Spells: 4/4 levels left

rFire   . . .        a - +0 flail
rCold   . . .        c - +0 buckler
rNeg    + . .        n - +0 scale mail
rPois   ∞            (no helmet)
rElec   +            (no cloak)
rCorr   .            (no gloves)
SInv    .            (no boots)
Will    .....        (no amulet) Stlth
                     (no ring)
HPRegen 0.25/turn    (no ring)
MPRegen 0.09/turn

%: no passive effects
@: no status effects
A: sickness immunity, AC +4, negative energy resistance 1, electricity
resistance, torment resistance 1, petrification resistance
a: no special abilities


You were on level 2 of the Dungeon.
You visited 1 branch of the dungeon, and saw 2 of its levels.

You collected 53 gold pieces.

Inventory:

Hand Weapons
 a - a +0 flail (weapon)
 b - a +0 whip of draining
Armour
 c - a +0 buckler (worn)
 n - a +0 scale mail (worn)
Scrolls
 e - a scroll of acquirement {unknown}
 f - a scroll of immolation {unknown}
 g - a scroll of torment {unknown}
 j - a scroll of vulnerability {unknown}
 k - a scroll of identify {unknown}
 p - a scroll of fear {unknown}
Potions
 d - a potion of might
 h - 2 potions of curing {unknown}
 i - a potion of heal wounds {unknown}
 l - a potion of mutation {unknown}
 m - a potion of degeneration {unknown}
 o - a potion of berserk rage {unknown}
 q - a potion of cancellation {unknown}


   Skills:
 + Level 4.4 Fighting
 + Level 3.3 Maces & Flails
 + Level 4.5 Armour
 + Level 4.5 Shields


You had 4 spell levels left.
You didn't know any spells.
Your spell library contained the following spells:

 Spells                   Type           Power      Damage    Failure   Level
 Apportation              Tloc           0%         N/A       80%         1
 Jinxbite                 Hex            0%         N/A       90%         2
 Alistair's Intoxication  Tmut/Pois      0%         N/A       100%        5


Dungeon Overview and Level Annotations

Branches:
Dungeon (2/15)

Altars:
Ru

Shops:
D:1 (

Annotations:
D:2 Robin


Innate Abilities, Weirdness & Mutations

You are immune to sickness and miasma.
Your stone body is resilient. (AC +4)
You are immune to poison.
You resist negative energy. (rN+)
You are resistant to electric shocks. (rElec)
You are resistant to unholy torment.
You are immune to petrification.


Message History

The goblin hits you but does no damage. You block the hobgoblin's attack.
Robin throws the goblin at you! The goblin hits you with a +0 dagger.
You barely miss Robin.
Robin zaps a wand.
The puff of flame misses you. The goblin hits you but does no damage.
The goblin barely misses you. You block the goblin's attack.
You block the hobgoblin's attack. The hobgoblin barely misses you.
You thump Robin!
Robin is severely wounded.
You block the goblin's attack. You block Robin's attack.
The hobgoblin hits you with a +0 whip. The goblin hits you with a +0 dagger.
You block the hobgoblin's attack. The goblin misses you.
You barely miss Robin.
Robin is severely wounded.
The goblin no longer looks unusually strong. x2
The goblin hits you but does no damage. Robin throws the goblin at you!
You block the hobgoblin's attack. The goblin hits you but does no damage.
The hobgoblin closely misses you. The goblin closely misses you.
You hit Robin.
Robin is almost dead.
You block the goblin's attack. You block the hobgoblin's attack.
Robin barely misses you. The goblin hits you with a +0 dagger.
The hobgoblin hits you but does no damage.
The goblin hits you but does no damage.
Robin zaps a wand.
The puff of flame hits you!
* * * LOW HITPOINT WARNING * * *
The goblin hits you but does no damage. The hobgoblin hits you.
* * * LOW HITPOINT WARNING * * *
The goblin hits you but does no damage. You block the goblin's attack.
The hobgoblin closely misses you.
You are too injured to fight recklessly!
You are too injured to fight recklessly!
You are too injured to fight recklessly!
You are too injured to fight recklessly!
You are too injured to fight recklessly!
You barely miss the goblin. You block the goblin's attack.
The hobgoblin misses you. You block the goblin's attack.
The goblin hits you with a +0 club.
* * * LOW HITPOINT WARNING * * *
Robin hits you but does no damage. The hobgoblin hits you.
You die...

.....##............#.#........
.....##..........#.#.#........
.....##..........#.#.#.#######
####.)...........#.#.#.......#
####..........#.#.#.#####.#
##.....>....#.#.#.......####
#.............#.#..........#
#..........gg.#.............
#.........g@................
#####...[.....ggg..##..........#
.................<[.#..........#
.####..>.......)....<...########
#...............#.#.#
#######.###+#...#.#.#
#.............#.#.#
#.###.###.#.#.#.#.# #.# #.#
#.#.....#.#######


You could see Robin, 2 hobgoblins and 3 goblins.

Vanquished Creatures
  Sigmund (D:2)
  2 dart slugs (D:2)
  4 ball pythons (D:1)
  6 endoplasms
  3 giant cockroaches (D:1)
  9 hobgoblins
  A quokka (D:1)
  4 bats
  A frilled lizard (D:2)
  8 goblins
  5 kobolds
  5 rats
49 creatures vanquished.

Notes
Turn   | Place    | Note
-------+----------+-------------------------------------------
     0 | D:1      | Dittersdorf the Gargoyle Fighter began the quest for the
                  | Orb.
     0 | D:1      | Reached XP level 1. HP: 14/14 MP: 1/1
   106 | D:1      | Found Jeof's Weapon Boutique.
   146 | D:1      | Reached XP level 2. HP: 19/19 MP: 2/2
   381 | D:1      | Reached XP level 3. HP: 1/23 MP: 3/3
  1068 | D:2      | Noticed Sigmund
  1218 | D:2      | Killed Sigmund
  1219 | D:2      | Reached XP level 4. HP: 10/30 MP: 4/4
  1219 | D:2      | Reached XP level 5. HP: 12/34 MP: 5/5
  1358 | D:2      | Found a sacrificial altar of Ru.
  1468 | D:2      | Noticed Robin
  1469 | D:2      | Identified the +2 ring mail of Untruth {rPois Str+3}
  1481 | D:2      | Slain by a hobgoblin

Illustrated notes

Levels and vault maps discovered:
D:1:      saegor_arrival_fortress, layout_basic, serial_shops,
          nicolae_diamond_shop
D:2:      layout_basic, basic_altar, uniq_robin, uniq_sigmund

Skill      XL: |  1  2  3 |
---------------+----------+-----
Fighting       | 4 |  4.4
Maces & Flails | 3 |  3.3
Armour         | 4 |  4.5
Shields        | 4 |  4.5

Action                     |  1- 3 |  4- 6 || total
---------------------------+-------+-------++-------
  Melee: Flail             |   118 |    26 ||   144
         Whip              |     5 |       ||     5
 Armour: Scale mail        |   101 |    36 ||   137
  Dodge: Dodged            |    58 |    15 ||    73
  Block: Buckler           |    32 |    17 ||    49

Table legend: (Time is in decaauts)
 A = Elapsed time spent in this place.
 B = Non-inter-level travel time spent in this place.
 C = Inter-level travel time spent in this place.
 D = Time resting spent in this place.
 E = Time spent auto-exploring this place.
 F = Levels seen in this place.
 G = Mean time per level.
                   A        B        C        D        E       F      G
               +--------+--------+--------+--------+--------+-----+--------+
         Total |   1526 |   1495 |     31 |    247 |    841 |   2 |  763.0 |
       Dungeon |   1526 |   1495 |     31 |    247 |    841 |   2 |  763.0 |
               +--------+--------+--------+--------+--------+-----+--------+

Top non-repeatable levels by time:
     D:1: 1116 daAuts
     D:2: 410 daAuts
